 Dungeon Crawl Stone Soup version 0.23-a0-726-g9fa1570 (webtiles) character file.

4 ziggy the Stinger (level 1, 0/13 HPs)
             Began as a Formicid Venom Mage on Jan 17, 2019.
             Slain by a dart slug (1 damage)
             ... on level 1 of the Dungeon.
             The game lasted 00:00:43 (143 turns).

ziggy the Stinger (Formicid Venom Mage)              Turns: 143, Time: 00:00:43

Health: 0/13       AC:  2    Str: 12    XL:     1   Next: 66%
Magic:  0/3        EV: 12    Int: 14    God:
Gold:   0          SH:  0    Dex: 11    Spells: 3/4 levels left

rFire    . . .     SeeInvis +   d - +0 club
rCold    . . .     Gourm    .   (no shield)
rNeg     . . .     Faith    .   a - +0 robe
rPois    .         Spirit   .   (helmet unavailable)
rElec    .         Reflect  .   (no cloak)
rCorr    .         Harm     .   (no gloves)
MR       .....                  (no boots)
Stlth    ++........             (no amulet)
HPRegen  0.04/turn              (no ring)
MPRegen  0.08/turn              (no ring)

@: no status effects
A: permanent stasis, dig shafts and tunnels, four strong arms, antennae 3
a: Dig, Shaft Self


You were on level 1 of the Dungeon.
You were not hungry.

You visited 1 branch of the dungeon, and saw 1 of its levels.

Inventory:

Hand Weapons
 d - a +0 club (weapon)
Missiles
 g - 17 stones (quivered)
Armour
 a - a +0 robe (worn)
 f - a +0 ring mail
Scrolls
 b - a scroll of magic mapping {unknown}
 e - a scroll of teleportation {unknown}
Comestibles
 c - a ration


   Skills:
 - Level 1.7 Dodging
 - Level 2.4 Stealth
 + Level 2.1 Spellcasting
 + Level 0.8 Conjurations
 + Level 4.4 Poison Magic


You had 3 spell levels left.
You knew the following spells:

 Your Spells              Type           Power        Failure   Level  Hunger
a - Sting                 Conj/Pois      #...         8%          1    #......

Your spell library contained the following spells:

 Spells                   Type           Power        Failure   Level  Hunger
 Poisonous Vapours        Pois/Air       #.....       14%         2    ###....
 Mephitic Cloud           Conj/Pois/Air  #.......     34%         3    ###....
 Olgreb's Toxic Radiance  Pois           ##......     36%         4    #####..
 Venom Bolt               Conj/Pois      #.........   91%         5    ######.


Dungeon Overview and Level Annotations

Branches:
Dungeon (1/15)

Altars:


Innate Abilities, Weirdness & Mutations

You cannot be hasted, slowed, berserked, paralysed or teleported.
You can dig through walls and to a lower floor.
Your four strong arms can wield two-handed weapons with a shield.
You have a pair of large antennae on your head. (SInv)


Message History

The sting misses the goblin.
The goblin barely misses you.
Casting: Sting (safe; 9% risk of failure)
Confirm with . or Enter, or press ? or * to list all spells.
Aiming: Sting (safe; 9% risk of failure)
Press: ? - help, Shift-Dir - straight line, f/p - goblin
Aim: a goblin, wielding a +0 dagger (heavily wounded)
The sting misses the goblin.
The dart slug closely misses you.
You hit the goblin.
You kill the goblin!
You hit the dart slug but do no damage. The dart slug barely misses you.
The goblin barely misses you.
You hit the dart slug.
The dart slug is moderately wounded.
The dart slug closely misses you. The goblin completely misses you.
You hit the dart slug.
The dart slug is heavily wounded.
The goblin hits you with a +0 club.
* * * LOW HITPOINT WARNING * * *
The dart slug bites you.
You die...

...........(..#
..$#.).....#..#
..#........#..# ...
.#........## ..
............ ##.#
#..#..≈≈≈≈≈≈≈ ###gw#
......≈.....≈
#..@)#.##.#..≈.....≈
##......##.#..≈..≈≈.≈
###.....####....≈..≈<.≈
#.....### #....≈..≈..≈
.....##.# #....≈≈.≈.≈≈
....##..######.......≈...
>.......##...........≈...
...........###.......≈≈≈≈
.###...#....)............


You could see a dart slug and a goblin.

Vanquished Creatures
  A goblin (D:1)
  2 hobgoblins (D:1)
3 creatures vanquished.

Notes
Turn   | Place    | Note
-------+----------+-------------------------------------------
     0 | D:1      | ziggy the Formicid Venom Mage began the quest for the Orb.
     0 | D:1      | Reached XP level 1. HP: 13/13 MP: 3/3
   143 | D:1      | Slain by a dart slug

Vault maps used:
D:1:      ebering_hopf_link, minmay_hexomino_u4

Action                   || total
-------------------------++-------
Melee: Club              ||     9
 Cast: Sting             ||     7
Dodge: Dodged            ||    10

Table legend:
 A = Non-vault XP
 B = Vault XP
 C = Vault XP percentage of total XP
 D = Non-vault monster count
 E = Vault monster count
 F = Vault count percentage of total count
                 A         B        C        D         E       F
            +---------+---------+-------+---------+---------+-------
      Total |       6 |       0 |   0.0 |       3 |       0 |   0.0
            +---------+---------+-------+---------+---------+-------
        D:1 |       6 |       0 |   0.0 |       3 |       0 |   0.0
            +---------+---------+-------+---------+---------+-------
